 Dungeon Sprint DCSS version 0.17-a0-1582-ge6b0260 (webtiles) character file.

1118 Jb9000 the Blocker (level 8, -2/55 HPs)
             Began as a Gargoyle Fighter on July 27, 2015.
             Was an Initiate of Okawaru.
             Slain by Erica
             ... wielding a +2 scimitar of flaming
              (4 damage)
             ... in the Dungeon (Sprint III: "The Ten Rune Challenge").
             The game lasted 00:06:39 (1210 turns).

Jb9000 the Blocker (Gargoyle Fighter)               Turns: 1210, Time: 00:06:39

Health: -2/55      AC: 14    Str: 19    XL:     8   Next: 34%
Magic:  16/16      EV: 11    Int: 10    God:    Okawaru [......]
Gold:   21         SH: 12    Dex: 11    Spells: 1 memorised, 16 levels left

rFire  . . .     SeeInvis .     d - +2 long sword (holy)
rCold  . . .     Clarity  .     b - +0 scale mail
rNeg   + . .     SustAt   .     c - +0 shield
rPois  ∞         Gourm    .     (helmet restricted)
rElec  +         Spirit   .     (no cloak)
rCorr  .         Warding  .     (no gloves)
rMut   .         NoTele   +     (no boots)
MR     .....                    (no amulet)
Stlth  ++........               (no ring)
                                (no ring)

@: slowed, very slow, not resistant to hostile enchantments, unstealthy
A: horns 1, rugged brown scales 1, blurry vision 1, negative energy resistance
1, electricity resistance, spit poison 1, unbreathing, petrification resistance,
rot immunity, subdued magic 1, AC +5
a: Spit Poison, Renounce Religion


You were in the Dungeon.
You worshipped Okawaru.
Okawaru was noncommittal.
You were full.

You visited 1 branch You collected 21 gold pieces.

Inventory:

Hand weapons
 a - a +0 flail
 d - a +2 long sword of holy wrath (weapon)
Armour
 b - a +0 scale mail (worn)
 c - a +0 shield (worn)
Magical devices
 f - a wand of magic darts (13)
Scrolls
 k - a scroll of blinking
 o - a scroll of remove curse
Potions
 i - 2 potions of magic
 q - 3 potions of cure mutation
Books
 j - a book of Changes

   Spells                             Type                      Level
   a - Beastly Appendage              Transmutation                1
   b - Sticks to Snakes               Transmutation                2
   c - Spider Form                    Transmutation/Poison         3
   d - Ice Form                       Ice/Transmutation            4
   e - Blade Hands                    Transmutation                5
 l - a book of the Earth

   Spells                             Type                      Level
   a - Leda's Liquefaction            Hexes/Earth                  4
   b - Bolt of Magma                  Conjuration/Fire/Earth       5
   c - Statue Form                    Transmutation/Earth          6
   d - Iron Shot                      Conjuration/Earth            6
   e - Shatter                        Earth                        9
Miscellaneous
 g - a box of beasts {used: 2}
Comestibles
 e - a bread ration
 h - 4 chunks of flesh


   Skills:
 + Level 7.9 Fighting
 * Level 3.1 Long Blades
 - Level 5.5 Maces & Flails
 + Level 7.8 Armour
 * Level 4.8 Dodging
 * Level 7.4 Stealth
 * Level 10.4 Shields
 - Level 5.4 Spellcasting


You had 16 spell levels left.
You knew the following spells:

 Your Spells              Type           Power        Failure   Level  Hunger
a - Beastly Appendage     Trmt           #.....       86%         1    None


Dungeon Overview and Level Annotations

Branches:
Dungeon (1/1)

Altars:
Cheibriados
Dithmenos
Elyvilon
Fedhas
Gozag
Kikubaaqudgha
Makhleb
Nemelex Xobeh
Okawaru
Qazlal
Ru
Sif Muna
Trog
Vehumet
Xom
Yredelemnul
Zin
The Shining One
Jiyva
Lugonu

Annotations:
D Erica


Innate Abilities, Weirdness & Mutations

You are resistant to torment.
Your stone body is resilient (AC +5).
You are immune to poison.
You resist negative energy.
You are resistant to electric shocks.
You can survive without breathing.
You are immune to petrification.
You are immune to rotting.
You have a pair of small horns on your head.
You are partially covered in rugged brown scales (AC +1, +3% HP).
Scrolls take you a little longer to read.
You can spit weak poison.
Your spells are a little easier to cast, but a little less powerful.


Message History

Erica appears from thin air!
Reactivating autopickup.
Erica hits you with a scimitar of flaming.
* * * LOW HITPOINT WARNING * * *
Erica burns you.
* * * LOW HITPOINT WARNING * * *
You bump into the rock wall.
Erica gestures wildly while chanting.
Erica flickers and vanishes!
Deactivating autopickup; reactivate with Ctrl-A.
You hear some strange, mumbled words.
Something tries to affect you, but you resist.
You're too confused!
There are no items here.
Evoke which item? (* to show all) (? for menu, Esc to quit)
You open the lid... ...and a juvenile shockfire beast leaps out!
You feel less confused. Something hits you.
You die...

♣.############
♣♣.#___#__[#__#
♣..#...#...#._#
♣♣♣.###'#)###)##
.♣♣.#..........#
♣.♣.'.⌠........#
≈...#...######'#
....#)⌠.#__#...#+#####
....#...#__#...#@{§≈≈+
....#'###__#...#§#≈§≈#
....#)..#__#...H.#§§§#
....#___#_.'..§#§#§§§#
▓▓▓▓▓▓▓▓▓▓▓▓▓▓▓▓▓▓▓▓▓▓


You could see a friendly juvenile shockfire beast.

Vanquished Creatures
  A deep elf priest (D)
  A shadow (D)
  A spatial vortex (D)
  A necrophage (D)
  A water elemental (D)
  A scorpion (D)
  A jelly (D)
  Jessica (D)
  A wizard (D)
  A necromancer (D)
  A kobold demonologist (D)
  3 humans (D)
  An ooze (D)
  A rat (D)
16 creatures vanquished.

Vanquished Creatures (others)
  2 draconian scorchers (D)
  A hydra (D)
  3 yaktaurs (D)
  2 fire drakes (D)
  5 plants (D)
13 creatures vanquished.

Grand Total: 29 creatures vanquished

Notes
Turn   | Place    | Note
--------------------------------------------------------------
     0 | D        | Jb9000 the Gargoyle Fighter began the quest for the Orb.
     0 | D        | Reached XP level 1. HP: 14/14 MP: 1/1
     3 | D        | Reached skill level 1 in Stealth
    14 | D        | Noticed Jessica
    20 | D        | Killed Jessica
    20 | D        | Reached skill level 4 in Fighting
    20 | D        | Reached skill level 1 in Dodging
    20 | D        | Reached skill level 1 in Spellcasting
    20 | D        | Reached XP level 2. HP: 9/20 MP: 2/4
    20 | D        | Reached XP level 3. HP: 10/24 MP: 2/5
    43 | D        | Killed a yaktaur
   141 | D        | Killed a white draconian scorcher
   220 | D        | Reached skill level 5 in Shields
   232 | D        | Killed a white draconian scorcher
   276 | D        | Noticed a scorpion
   282 | D        | Killed a scorpion
   282 | D        | Reached skill level 5 in Armour
   282 | D        | Reached XP level 4. HP: 22/30 MP: 5/7
   308 | D        | Killed a fire drake
   322 | D        | Noticed a water elemental
   331 | D        | Killed a water elemental
   331 | D        | Reached skill level 5 in Fighting
   331 | D        | Reached skill level 6 in Shields
   331 | D        | Reached XP level 5. HP: 20/35 MP: 7/9
   520 | D        | Gained mutation: You are partially covered in rugged brown scales (AC +1, +3% HP). [potion of mutation]
   520 | D        | Gained mutation: You can spit weak poison. [potion of mutation]
   520 | D        | Gained mutation: You have a pair of small horns on your head. [potion of mutation]
   521 | D        | Gained mutation: Your spells are a little easier to cast, but a little less powerful. [potion of mutation]
   521 | D        | Gained mutation: Scrolls take you a little longer to read. [potion of mutation]
   525 | D        | Found a glowing silver altar of Zin.
   525 | D        | Found a glowing golden altar of the Shining One.
   525 | D        | Found a white marble altar of Elyvilon.
   526 | D        | Noticed a deep elf priest
   550 | D        | Killed a deep elf priest
   550 | D        | Reached skill level 5 in Maces & Flails
   550 | D        | Reached skill level 5 in Stealth
   550 | D        | Reached skill level 8 in Shields
   550 | D        | Reached XP level 6. HP: 38/43 MP: 9/11
   572 | D        | Found an iron altar of Okawaru.
   572 | D        | Found a bloodstained altar of Trog.
   572 | D        | Noticed a human
   572 | D        | Noticed a human
   585 | D        | Killed a human
   585 | D        | Reached skill level 1 in Long Blades
   585 | D        | Reached skill level 9 in Shields
   585 | D        | Reached XP level 7. HP: 21/49 MP: 11/13
   593 | D        | Killed a human
   703 | D        | Killed a yaktaur
   833 | D        | Killed a yaktaur
   865 | D        | Became a worshipper of Warmaster Okawaru
   872 | D        | Found a basalt altar of Yredelemnul.
   872 | D        | Found a snail-covered altar of Cheibriados.
   872 | D        | Found a blossoming altar of Fedhas.
   872 | D        | Noticed a necrophage
   872 | D        | Noticed a necromancer
   874 | D        | Killed a necromancer
   881 | D        | Killed a necrophage
   893 | D        | Noticed a jelly
   894 | D        | Noticed a shadow
   900 | D        | Killed a jelly
   900 | D        | Reached skill level 10 in Shields
   900 | D        | Reached skill level 5 in Spellcasting
   907 | D        | Killed a shadow
   907 | D        | Reached XP level 8. HP: 25/55 MP: 15/15
  1051 | D        | Killed a seven-headed hydra
  1062 | D        | Killed a fire drake
  1077 | D        | Found a stormy altar of Qazlal.
  1077 | D        | Found a sacrificial altar of Ru.
  1077 | D        | Found a burning altar of Makhleb.
  1077 | D        | Found a shimmering altar of Xom.
  1077 | D        | Noticed a spatial vortex
  1078 | D        | Found a viscous altar of Jiyva.
  1078 | D        | Found a shadowy altar of Dithmenos.
  1078 | D        | Found a sparkling altar of Nemelex Xobeh.
  1078 | D        | Found a corrupted altar of Lugonu.
  1078 | D        | Found an opulent altar of Gozag.
  1099 | D        | Killed a spatial vortex
  1136 | D        | Found a radiant altar of Vehumet.
  1137 | D        | Found a deep blue altar of Sif Muna.
  1137 | D        | Found an ancient bone altar of Kikubaaqudgha.
  1137 | D        | Noticed a wizard
  1144 | D        | Killed a wizard
  1165 | D        | Learned a level 1 spell: Beastly Appendage
  1181 | D        | Noticed Erica
  1208 | D        | HP: 2/55 [Erica/scimitar of flaming (2)]
  1210 | D        | Slain by Erica

Vault maps used:
D:        dungeon_sprint_mu

Action                   |  1- 3 |  4- 6 |  7- 9 || total
-------------------------+-------+-------+-------++-------
Melee: Flail             |    19 |    29 |       ||    48
       Long sword        |       |    11 |    63 ||    74
Evoke: Wand              |       |       |     1 ||     1
       Box of beasts     |       |       |     2 ||     2
  Use: Potion            |     3 |     6 |     1 ||    10
       Scroll            |       |     5 |     1 ||     6
 Stab: Sleeping          |       |       |     2 ||     2
  Eat: Chunk             |       |       |     1 ||     1
       Royal jelly       |       |       |     3 ||     3
